 Dungeon Crawl Stone Soup version 0.27.1-2-g3b301248ec (webtiles) character file.

Game seed: 2016617096695022803

25 MisterFreud the Chopper (level 3, -2/25 HPs)
             Began as a Gnoll Wanderer on Sept 26, 2021.
             Succumbed to an adder's poison
             ... on level 2 of the Dungeon.
             The game lasted 00:01:13 (1031 turns).

MisterFreud the Chopper (Gnoll Wanderer)            Turns: 1031, Time: 00:01:13

Health: -2/25      AC:  2    Str: 13    XL:     3   Next: 6%
Magic:  3/3        EV: 11    Int:  9    God:
Gold:   20         SH:  4    Dex: 12    Spells: 3/3 levels left

rFire    . . .     SeeInvis .   c - +0 hand axe
rCold    . . .     Faith    .   d - +0 buckler
rNeg     . . .     Spirit   .   e - +0 robe
rPois    .         Reflect  .   (no helmet)
rElec    .         Harm     .   (no cloak)
rCorr    .         Rampage  .   (no gloves)
Will     .....                  (no boots)
Stlth    ++........             (no amulet)
HPRegen  0.08/turn              (no ring)
MPRegen  0.08/turn              (no ring)

@: lethally poisoned (-2 -> -17)
A: fangs 1, strong nose, distributed training
a: no special abilities


You were on level 2 of the Dungeon.
You visited 1 branch of the dungeon, and saw 2 of its levels.

You collected 20 gold pieces.

Inventory:

Hand Weapons
 a - a +2 dagger
 c - a +0 hand axe (weapon)
Missiles
 f - 4 boomerangs (quivered)
 h - 11 poisoned darts
Armour
 d - a +0 buckler (worn)
 e - a +0 robe (worn)
Scrolls
 b - a scroll of blinking


   Skills:
 + Level 0.6 Fighting
 + Level 0.6 Short Blades
 + Level 2.5 Long Blades
 + Level 6.5 Axes
 + Level 0.6 Maces & Flails
 + Level 0.6 Polearms
 + Level 0.6 Staves
 + Level 0.6 Slings
 + Level 0.6 Bows
 + Level 0.6 Crossbows
 + Level 0.6 Throwing
 + Level 4.5 Armour
 + Level 0.6 Dodging
 + Level 4.1 Stealth
 + Level 2.5 Shields
 + Level 0.6 Unarmed Combat
 + Level 0.6 Spellcasting
 + Level 0.4 Conjurations
 + Level 0.4 Hexes
 + Level 0.4 Summonings
 + Level 0.4 Necromancy
 + Level 0.4 Translocations
 + Level 0.4 Transmutations
 + Level 0.4 Fire Magic
 + Level 0.4 Ice Magic
 + Level 0.4 Air Magic
 + Level 0.4 Earth Magic
 + Level 0.4 Poison Magic
 + Level 0.8 Invocations
 + Level 2.5 Evocations


You had 3 spell levels left.
You didn't know any spells.
Your spell library contained the following spells:

 Spells                   Type           Power      Damage    Failure   Level
 Corona                   Hex            1%         N/A       36%         1
 Ensorcelled Hibernation  Hex/Ice        2%         N/A       50%         2
 Tukima's Dance           Hex            1%         N/A       75%         3


Dungeon Overview and Level Annotations

Branches:
Dungeon (2/15)

Altars:


Innate Abilities, Weirdness & Mutations

You have very sharp teeth.
Your uncanny sense of smell can sniff out nearby items.
Your experience applies equally to all skills.


Message History

You hit the adder.
The adder is heavily wounded.
You feel very sick. The adder bites you.
You are more poisoned.
The adder poisons you! The adder bites you.
You are lethally poisoned!
The adder poisons you!
Unknown command.
Unknown command.
You closely miss the adder.
The adder is heavily wounded.
You feel very sick. The adder closely misses you.
You hit the adder but do no damage.
The adder is heavily wounded.
You feel very sick. You block the adder's attack.
You barely miss the adder.
The adder is heavily wounded.
* * * LOW HITPOINT WARNING * * *
You feel very sick. The adder closely misses you.
Unknown command.
You aren't carrying any potions.
Unknown command.
Okay, then.
Unknown command.
As you read the scroll labelled TESKEI SEYLI, it crumbles to dust.
The scroll dissolves into smoke.
It was a scroll of fog.
* * * LOW HITPOINT WARNING * * *
You feel very sick. The adder bites you.
* * * LOW HITPOINT WARNING * * *
You are more poisoned.
The adder poisons you! The adder closely misses you.
Unknown command.
Unknown command.
Unknown command.
You die...

# ..#.# #.
#.#.#
#.##.#<##
#.......#
#.#..##.#
#....##.#
#.#.###.#####
#.#.###§#.§.
#......@#§#
###...§§§§#
#######S# ...
.#... .####.#
.# # .. ##


You could see an adder.

Vanquished Creatures
  4 ball pythons (D:1)
  2 bats (D:1)
  An endoplasm (D:1)
  2 giant cockroaches (D:1)
  3 goblins (D:1)
  3 hobgoblins (D:1)
  2 jackals (D:1)
  2 frilled lizards (D:1)
  A rat (D:1)
20 creatures vanquished.

Notes
Turn   | Place    | Note
-------+----------+-------------------------------------------
     0 | D:1      | MisterFreud the Gnoll Wanderer began the quest for the Orb.
     0 | D:1      | MisterFreud set off with the following items: a +2 dagger,
                  | a scroll of blinking, a +0 hand axe, a +0 buckler, a +0
                  | robe
     0 | D:1      | Reached XP level 1. HP: 13/13 MP: 1/1
   278 | D:1      | Reached XP level 2. HP: 19/19 MP: 2/2
   819 | D:1      | Reached XP level 3. HP: 19/25 MP: 3/3
  1030 | D:2      | HP: 1/25 [adder (3)]
  1031 | D:2      | Succumbed to an adder's poison

Illustrated notes

Levels and vault maps discovered:
D:1:      psy_arrival_fountain, layout_loops_cross, palyth_stone_intersect,
          grunt_decor_resistance, minmay_fountain_box, minivault_25,
          minmay_pentomino_s2
D:2:      layout_loops_cross, uniq_sigmund, uniq_natasha

Action                   || total
-------------------------++-------
Melee: Dagger            ||    13
       Hand axe          ||    42
       Bite              ||     4
  Use: Scroll            ||     1
 Stab: Sleeping          ||     8
Armor: Robe              ||     3
Dodge: Dodged            ||    20
Block: Buckler           ||    11
